 Dungeon Crawl Stone Soup version 0.21.1-1-g345015f (webtiles) character file.

50 inc the Digger (level 3, -6/21 HPs)
             Began as an Octopode Earth Elementalist on Mar 16, 2018.
             Mangled by an orc
             ... wielding a +0 trident
              (10 damage)
             ... on level 3 of the Dungeon.
             The game lasted 00:02:41 (2340 turns).

inc the Digger (Octopode Earth Elementalist)        Turns: 2340, Time: 00:02:42

Health: -6/21      AC:  1    Str:  7    XL:     3   Next: 79%
Magic:  6/6        EV: 13    Int: 18    God:
Gold:   116        SH:  0    Dex: 12    Spells: 5/6 levels left

rFire    . . .     SeeInvis .   (no weapon)
rCold    . . .     Gourm    .   (no shield)
rNeg     . . .     Faith    .   (helmet restricted)
rPois    .         Spirit   .   (no amulet)
rElec    .         Reflect  .   (no ring)
rCorr    .         Harm     .   (no ring)
MR       .....                  (no ring)
Stlth    +++.......             (no ring)
HPRegen  0.07/turn              (no ring)
MPRegen  0.10/turn              (no ring)
                                (no ring)
                                (no ring)

@: about to teleport
A: almost no armour, stealthy swim, amphibious, 8 rings, constrict 8, camouflage
1, gelatinous body 1
a: no special abilities


You were on level 3 of the Dungeon.
You were not hungry.

You visited 1 branch of the dungeon, and saw 3 of its levels.

You collected 116 gold pieces.

Inventory:

Missiles
 b - 2 stones (quivered)
Scrolls
 a - 2 scrolls of teleportation
 e - 2 scrolls of fear {unknown}
 f - 4 scrolls of identify {unknown}
 g - a scroll of magic mapping {unknown}
 h - a scroll of amnesia {unknown}
 i - a scroll of blinking {unknown}
 j - 2 scrolls of remove curse {unknown}
 k - a scroll of enchant armour {unknown}
Books
 d - a book of Geomancy

   Spells                             Type                      Level
   a - Sandblast                      Earth                        1
   b - Passwall                       Transmutation/Earth          2
   c - Stone Arrow                    Conjuration/Earth            3
   d - Petrify                        Transmutation/Earth          4
   e - Lee's Rapid Deconstruction     Earth                        5
Comestibles
 c - 3 rations


   Skills:
 - Level 2.0 Dodging
 - Level 2.6 Stealth
 - Level 2.0 Spellcasting
   Level 1.0 Transmutations
 + Level 4.6 Earth Magic


You had 5 spell levels left.
You knew the following spells:

 Your Spells              Type           Power        Failure   Level  Hunger
a - Sandblast             Erth           ###...       2%          1    #......


Dungeon Overview and Level Annotations

Branches:
Dungeon (3/15)

Altars:

Annotations:
D:3 shugdite's ghost, amateur MiGl


Innate Abilities, Weirdness & Mutations

You cannot wear most types of armour.
You are very stealthy in the water. (Stealth+)
You are amphibious.
You can wear up to eight rings at the same time.
You can use your tentacles to constrict eight enemies at once.
Your skin changes colour to match your surroundings (Stealth+).
Your rubbery body absorbs attacks. (AC +1, EV +1)


Message History

Found 12 gold pieces.
Found an escape hatch in the ceiling.
You now have 116 gold pieces (gained 12).
Found a scroll labeled NOKLEDOETT.
The orc shouts!
You hear a shout!
The orc shouts!
You see here a scroll labeled NOKLEDOETT.
k - a scroll labeled NOKLEDOETT The orc wizard casts a spell.
The orc wizard seems to speed up.
The orc wizard points at you and mumbles some strange words.
The puff of flame hits you!
Ouch! That really hurt!
The orc hits you from afar with a trident.
* * * LOW HITPOINT WARNING * * *
You aren't carrying any potions.
Okay, then.
As you read the scroll labeled RIUTAALUSM, it crumbles to dust.
You feel strangely unstable.
It was a scroll of teleportation.
The orc hits you from afar with a trident!
You die...

#................ #.....
#........##(..... #.....
#................ #.....
#......####......
#.....##......# #.####.
........#.#...####.####.
........................
W.......................
###@................
###### #o................
#....####o................
#.......o.................
#.........................
#.........................
#.....###.................
#.....# #.................
#.........................


You could see an orc wizard, shugdite's ghost (wandering) and 2 orcs.

Vanquished Creatures
  A dart slug (D:2)
  A leopard gecko (D:2)
  3 giant cockroaches (D:2)
  7 goblins
  8 hobgoblins
  A quokka (D:2)
  2 ball pythons (D:2)
  10 bats
  A frilled lizard (D:2)
  6 kobolds
  2 rats (D:1)
42 creatures vanquished.

Notes
Turn   | Place    | Note
-------+----------+-------------------------------------------
     0 | D:1      | inc the Octopode Earth Elementalist began the quest for the Orb.
     0 | D:1      | Reached XP level 1. HP: 11/11 MP: 3/3
   275 | D:1      | Reached XP level 2. HP: 11/17 MP: 3/5
  1157 | D:2      | Reached skill level 4 in Earth Magic
  1224 | D:2      | Reached XP level 3. HP: 21/21 MP: 2/6
  2287 | D:3      | Noticed shugdite's ghost (amateur MiGl)
  2340 | D:3      | Mangled by an orc

Skill      XL: |  1  2 |
---------------+-------+-----
Earth Magic    | 4 |  4.6
Dodging        | |  2.0
Stealth        | |  2.6
Spellcasting   | |  2.0
Transmutations | |  1.0

Action                   || total
-------------------------++-------
Melee: Unarmed           ||    70
       Constrict         ||    21
       Tentacles         ||    14
 Cast: Sandblast         ||    30
  Use: Scroll            ||     1
 Stab: Sleeping          ||     8
  Eat: Chunk             ||     5
Armor: Skin              ||     7
Dodge: Dodged            ||    66
